 Dungeon Crawl Stone Soup version 0.19-a0-1468-ge013c26 (webtiles) character file.

155 Goblin1989 the Sneak (level 5, -1/26 HPs)
             Began as a Vine Stalker Assassin on Sept 8, 2016.
             Slain by a rat (3 damage)
             ... in a sewer.
             The game lasted 00:07:15 (2181 turns).

Goblin1989 the Sneak (Vine Stalker Assassin)        Turns: 2181, Time: 00:07:16

Health: -1/26      AC:  6    Str: 14    XL:     5   Next: 37%
Magic:  0/6        EV: 11    Int: 11    God:
Gold:   105        SH:  0    Dex: 16    Spells: 0 memorised, 4 levels left

rFire  . . .     SeeInvis .     a - +2 dagger
rCold  . . .     Gourm    .     c - +0 robe
rNeg   . . .     Faith    .     (no shield)
rPois  +         Spirit   +     q - +0 helmet
rElec  .         Dismiss  .     d - +0 cloak
rCorr  .         Reflect  .     n - +0 pair of gloves
MR     .....     Harm     .     h - +0 pair of boots
Stlth  ++........               j - amulet of regeneration
                                (no ring)
                                r - ring of poison resistance

@: no status effects
A: fangs 2, regeneration 1, magic shield, antimagic bite, no device heal 3, rot
immunity
a: no special abilities


You were in a sewer.
You were not hungry.

You visited 1 branch of the dungeon, and saw 3 of its levels.
You also visited: Sewer.

You collected 105 gold pieces.

Inventory:

Hand Weapons
 a - a +2 dagger (weapon)
 b - a +0 blowgun
Missiles
 e - 37 poisoned needles
 f - 2 curare-tipped needles
 s - 3 needles of frenzy
Armour
 c - a +0 robe (worn)
 d - a +0 cloak (worn)
 h - a +0 pair of boots (worn)
 n - a +0 pair of gloves (worn)
 q - a +0 helmet (worn)
Jewellery
 j - an amulet of regeneration (around neck)
 r - a ring of poison resistance (left hand)
Scrolls
 i - 4 scrolls of identify
 o - a scroll of immolation
 p - 3 scrolls of remove curse
 y - 3 scrolls of recharging
 z - a scroll of magic mapping {unknown}
 A - a scroll of enchant weapon {unknown}
Potions
 l - a potion of agility {unknown}
 m - a potion of mutation {unknown}
 u - a potion of flight {unknown}
 v - a potion of heal wounds
 w - 2 potions of degeneration {unknown}
Comestibles
 g - 2 bread rations
 k - a beef jerky
 t - 2 meat rations
 x - 3 chunks of flesh


   Skills:
 - Level 1.7 Fighting
 * Level 4.0 Short Blades
 - Level 1.7 Throwing
 - Level 0.7 Dodging
 + Level 6.2 Stealth


You had 4 spell levels left.
You didn't know any spells.

Dungeon Overview and Level Annotations

Branches:
Dungeon (3/15)

Altars:
Vehumet
The Shining One


Innate Abilities, Weirdness & Mutations

You have extremely sharp teeth.
Your natural rate of healing is unusually fast.
When hurt, damage is shared between your health and your magic reserves.
Your bite disrupts and absorbs the magic of your enemies.
Potions and wands cannot restore your health.
You are immune to rotting.


Message History

You hit the river rat but do no damage.
The river rat is heavily wounded.
The river rat barely misses you. The rat bites you but does no damage.
The rat closely misses you. The rat barely misses you.
The rat bites you but does no damage.
Unknown command.
You closely miss the river rat.
The river rat is heavily wounded.
The river rat bites you.
* * * LOW HITPOINT WARNING * * *
The rat barely misses you. The rat bites you but does no damage.
The rat splashes around in the water.
You take 1 damage, and have 5/26 hp.
You now have 0/6 mp.
Unknown command.
You hit the river rat but do no damage.
The river rat is heavily wounded.
The rat bites you but does no damage. The river rat bites you.
* * * LOW HITPOINT WARNING * * *
The rat closely misses you. The rat bites you.
You die... ..
S.S

#...
#####################...S
###.≈≈≈≈≈≈≈≈≈≈≈≈≈≈≈≈≈≈.....
##...≈≈≈≈≈≈≈≈≈≈≈†≈≈≈≈≈≈.....
##....≈≈≈≈≈≈≈≈≈≈.†≈≈≈≈≈≈.....
#.....≈≈≈≈≈≈≈≈≈rrr≈≈≈≈≈≈....#
#.....≈≈≈≈≈≈≈≈≈≈@r≈≈≈≈≈≈.r.##
......≈≈≈≈≈≈≈≈≈≈≈r≈≈≈≈≈≈.###
.....#####################
....#### ....'..# ...##..#
...##### ....# ....##


You could see a river rat and 4 rats.

Vanquished Creatures
  4 adders
  4 river rats (Sewer)
  An ooze (Sewer)
  A worm (D:2)
  4 dart slugs
  2 giant geckos
  An orc (D:2)
  2 giant cockroaches
  3 hobgoblins
  6 jackals (D:3)
  A quokka (D:2)
  5 ball pythons
  9 bats
  4 giant newts
  5 goblins
  3 kobolds
  23 rats
78 creatures vanquished.

Notes
Turn   | Place    | Note
-------+----------+-------------------------------------------
     0 | D:1      | Goblin1989 the Vine Stalker Assassin began the quest for the Orb.
     0 | D:1      | Reached XP level 1. HP: 11/11 MP: 2/2
    26 | D:1      | Reached skill level 5 in Stealth
    92 | D:1      | Reached XP level 2. HP: 15/15 MP: 1/3
   529 | D:1      | Reached XP level 3. HP: 18/18 MP: 4/4
   769 | D:2      | Found a glowing golden altar of the Shining One.
  1422 | D:2      | Gained mutation: Your natural rate of healing is unusually fast. [Vine Stalker growth]
  1422 | D:2      | Reached XP level 4. HP: 19/23 MP: 5/5
  1749 | D:3      | Found a radiant altar of Vehumet.
  1767 | D:3      | Found a glowing drain.
  1778 | Sewer    | Entered a sewer
  1827 | Sewer    | Reached skill level 6 in Stealth
  2001 | Sewer    | Reached XP level 5. HP: 17/26 MP: 6/6
  2181 | Sewer    | Slain by a rat

Vault maps used:
D:1:      minmay_arrival_plants_in_alcoves
D:2:      tso_metal_star
D:3:      nicolae_overflow_crystal_walls, portal_sewer_entry_a,
          kennysheep_generic_room_9
Sewer:    sewer_minmay_w

Skill      XL: |  1  2  3  4  5 |
---------------+----------------+-----
Stealth        | 5 6 |  6.2
Short Blades   | 2 3 4 |  4.0
Fighting       | |  1.7
Throwing       | |  1.7
Dodging        | |  0.7

Action                   |  1- 3 |  4- 6 || total
-------------------------+-------+-------++-------
Melee: Dagger            |    75 |   180 ||   255
       Bite              |    11 |    35 ||    46
  Use: Scroll            |       |     5 ||     5
 Stab: Sleeping          |    17 |     7 ||    24
  Eat: Chunk             |     2 |     2 ||     4
Armor: Robe              |    15 |   122 ||   137
Dodge: Dodged            |    30 |   172 ||   202
